Map: Jungle Depths LE

Players

Malo

  • Race: Protoss Protoss
  • Spawn Location: 7:00

IzSHA

  • Race: Zerg Zerg
  • Spawn Location: 7:00

bitcoin

  • Race: Zerg Zerg
  • Spawn Location: 7:00

qqq

  • Race: Zerg Zerg
  • League: Platinum
  • Spawn Location: 1:00

Massa

  • Race: Terran Terran
  • League: Gold
  • Spawn Location: 3:00

sexyAPM

  • Race: Zerg Zerg
  • Spawn Location: 1:00

VOD

Have the link to the VOD?

Description

Time

  • Played on: April 26, 2020, 3:51 p.m.
  • Length: 5:40
Show
View Real Time Build Order
Export as new Build Order

Malo Protoss 

Build Orders:  

Get SALT Encoding   

  12  0:02  Probe  
  13  0:15  Probe  
  13  0:19  Pylon  
  14  0:27  Probe  
  15  0:39  Probe (Chrono Boost)  
  16  0:48  Gateway  
  16  0:51  Probe (Chrono Boost)  
  16  0:52  Assimilator  
  17  1:00  Probe (Chrono Boost)  
  18  1:09  Probe  
  19  1:17  Gateway  
  19  1:18  Gateway  
  19  1:22  Probe  
  20  1:39  Probe, Cybernetics Core  
  21  1:42  Assimilator  
  21  1:48  Pylon  
  21  1:51  Probe  
  22  2:07  Zealot x2 (Chrono Boost)  
  26  2:13  Zealot (Chrono Boost)  
  28  2:21  Warp Gate  
  28  2:25  Adept  
  30  2:45  Pylon  
  30  3:02  Stalker  
  32  3:32  Twilight Council  
  32  3:50  Probe  
  33  4:04  Nexus  
  33  4:05  Charge (Chrono Boost)  
  33  4:06  Pylon  
  33  4:12  Templar Archives  
  33  4:15  Probe  
  34  4:27  Probe  
  34  4:30  Adept x2  
  39  4:42  Robotics Facility  
  39  4:45  Probe  
  40  4:58  Probe  
  41  5:04  Assimilator  
  41  5:05  Assimilator  
  37  5:10  Probe  
  36  5:22  Probe  
Show
View Real Time Build Order
Export as new Build Order

IzSHA Zerg 

Build Orders: Hatch First, Zergling Baneling 

Get SALT Encoding   

  12  0:01  Drone  
  13  0:13  Overlord  
  13  0:18  Drone  
  14  0:43  Hatchery  
  14  0:47  Drone  
  14  0:50  Drone  
  14  0:53  Drone  
  16  0:59  Extractor  
  16  1:00  Drone  
  16  1:15  Spawning Pool  
  15  1:19  Drone  
  16  1:25  Drone  
  16  1:32  Drone  
  18  1:43  Drone  
  19  1:54  Overlord  
  19  2:03  Zergling x2  
  19  2:04  Zergling x2  
  21  2:08  Zergling x2  
  21  2:09  Baneling Nest  
  21  2:15  Zergling x2  
  21  2:17  Zergling x2  
  21  2:20  Spine Crawler  
  22  2:38  Zergling x4  
  20  2:59  Baneling  
  20  3:23  Zergling x10  
  20  3:25  Baneling x2  
  20  3:26  Baneling  
  25  3:29  Baneling  
  25  3:35  Zergling x4  
  25  3:38  Baneling  
  26  3:51  Zergling x6  
  26  4:02  Zergling x2  
  27  4:11  Zergling x2  
  27  4:14  Overlord  
  27  4:15  Overlord  
  27  4:22  Spore Crawler  
  26  4:37  Baneling x3  
  26  4:44  Drone x5  
  31  4:50  Drone  
  32  4:58  Drone x2  
  34  5:04  Baneling  
  32  5:15  Drone x2  
  32  5:17  Drone x2  
  34  5:24  Baneling  
Show
View Real Time Build Order
Export as new Build Order

bitcoin Zerg 

Build Orders: 1 Base Baneling Bust, Pool First 

Get SALT Encoding   

  12  0:00  Drone  
  13  0:11  Extractor  
  12  0:24  Spawning Pool  
  11  0:29  Drone  
  11  0:33  Drone  
  13  0:40  Drone  
  14  0:51  Overlord  
  14  1:13  Zergling x6  
  14  1:17  Metabolic Boost  
  17  1:33  Baneling Nest  
  17  1:35  Zergling x2  
  17  1:38  Drone  
  18  1:48  Drone  
  19  2:11  Zergling x4  
  20  2:31  Baneling x6  
  20  2:35  Zergling x4  
  20  3:00  Zergling x2  
  21  3:15  Zergling x2  
  21  3:18  Overlord x2  
  17  3:51  Zergling x6  
  17  3:54  Queen  
  21  4:01  Hatchery  
  20  4:03  Drone  
  21  4:15  Zergling x2  
  22  4:52  Zergling x6  
  25  5:03  Extractor  
  25  5:04  Drone  
Show
View Real Time Build Order
Export as new Build Order

qqq Zerg 

Build Orders: Pool First 

Get SALT Encoding   

  12  0:19  Spawning Pool  
  11  0:22  Drone  
  11  0:26  Extractor  
  11  0:29  Drone  
  12  0:39  Overlord  
  12  0:46  Drone  
  13  0:50  Drone  
  14  1:00  Drone  
  15  1:08  Zergling x2  
  16  1:19  Zergling x2  
  17  1:28  Zergling x2  
  18  1:33  Metabolic Boost  
  18  1:38  Zergling x2  
  19  1:45  Queen  
  21  1:49  Overlord  
  21  2:01  Zergling x2  
  22  2:11  Zergling x2  
  23  2:35  Spine Crawler  
  22  2:42  Zergling x4  
  22  3:04  Zergling x6  
  21  3:18  Zergling x2  
  22  3:33  Drone  
  23  3:34  Lair  
  22  3:43  Hatchery  
  18  3:50  Hatchery, Zergling x4  
  19  4:09  Zergling x4  
  21  4:10  Zergling x4  
  21  4:22  Zergling x2  
  20  4:41  Zergling x4  
  22  4:49  Extractor  
  22  4:50  Drone  
  22  4:51  Overlord x2  
Show
View Real Time Build Order
Export as new Build Order

Massa Terran 

Build Orders: Command Center First (CC) 

Get SALT Encoding   

  12  0:03  SCV  
  13  0:15  Supply Depot  
  13  0:18  SCV  
  14  0:34  SCV  
  15  1:02  Command Center  
  15  1:07  SCV  
  16  1:17  Barracks  
  16  1:19  SCV  
  17  1:31  SCV  
  18  1:36  Refinery  
  18  1:38  Refinery  
  18  1:44  SCV  
  19  1:56  SCV  
  20  2:07  Engineering Bay  
  20  2:12  SCV  
  21  2:24  SCV  
  22  2:42  Planetary Fortress  
  22  3:06  SCV  
  22  3:18  SCV  
  23  3:26  Barracks  
  23  3:32  Supply Depot  
  23  3:37  Barracks  
  23  3:43  Factory, Terran Infantry Weapons Level 1  
  23  3:53  SCV, Marine  
  23  3:55  Supply Depot  
  25  4:04  Supply Depot  
  25  4:05  SCV  
  26  4:11  Marine  
  27  4:17  SCV, Factory, Marine  
  29  4:25  Bunker  
  29  4:26  Marine  
  29  4:29  Marine  
  31  4:32  Factory Tech Lab  
  31  4:35  Marine  
  32  4:46  Marine  
  32  4:47  Marine  
  34  4:53  Marine  
  34  4:55  Siege Tank  
  38  5:02  Hellion  
  38  5:04  Marine  
Show
View Real Time Build Order
Export as new Build Order

sexyAPM Zerg 

Build Orders: Pool First 

Get SALT Encoding   

  12  0:18  Spawning Pool  
  11  0:22  Extractor  
  11  0:25  Drone  
  11  0:30  Drone  
  12  0:41  Overlord  
  12  1:04  Zergling x2  
  12  1:05  Zergling x4  
  15  1:14  Queen  
  17  1:29  Drone x2  
  19  1:40  Metabolic Boost  
  19  1:47  Zergling x2  
  20  2:20  Drone x2  
  22  2:24  Overlord  
  17  3:05  Zergling x10  
  19  3:52  Extractor  
  16  3:58  Zergling x2  
  16  3:59  Zergling x10  
  22  4:19  Hatchery  
  21  4:24  Zergling x4  
  21  4:25  Zergling x2  
  21  4:50  Zergling x2  
  22  4:52  Overlord  
  22  4:53  Overlord  
Tags
 
Add a new tag
Caveats
  • Supply blocks, unpowered buildings, or Contaminate may cause inaccurate times.
  • Supply counts are checked every 10 seconds.